 Dungeon Crawl Stone Soup version 0.31-a0-750-gfe7b580527 (webtiles) character file.

Game seed: 3831365363842708599

2043 Dittersdorf the Fighter (level 9, -7/70 HPs)
             Began as a Gargoyle Fighter on Sept 14, 2023.
             Mangled by a wight
             ... wielding a +5 trident of freezing
              (11 damage)
             ... on level 6 of the Dungeon.
             The game lasted 00:08:15 (6168 turns).

Dittersdorf the Fighter (Gargoyle Fighter)          Turns: 6168, Time: 00:08:16

Health: -7/70      AC: 25    Str: 25    XL:     9   Next: 24%
Magic:  9/9        EV:  6    Int:  8    God:
Gold:   217        SH:  5    Dex:  9    Spells: 8/8 levels left

rFire   . . .        f - +0 morningstar
rCold   + + .        c - +0 buckler
rNeg    + . .        l - +0 plate armour
rPois   ∞            (no helmet)
rElec   +            a - +0 cloak
rCorr   +            (no gloves)
SInv    .            m - +0 pair of boots
Will    .....        (no amulet) Stlth
                     b - ring "Cough" {Drain rC++ rCorr AC+4 Stlth+}
HPRegen 0.31/turn    n - ring of resist corrosion
MPRegen 0.11/turn

%: no passive effects
@: no status effects
A: sickness immunity, AC +6, negative energy resistance 1, electricity
resistance, torment resistance 1, petrification resistance
a: no special abilities


You were on level 6 of the Dungeon.
You visited 1 branch of the dungeon, and saw 6 of its levels.

You collected 217 gold pieces.

Inventory:

Hand Weapons
 f - a +0 morningstar (weapon)
Missiles
 o - 4 poisoned darts (quivered)
Armour
 a - a +0 cloak (worn)
 c - a +0 buckler (worn)
 l - a +0 plate armour (worn)
 m - a +0 pair of boots (worn)
Jewellery
 b - the ring "Cough" (left hand) {Drain rC++ rCorr AC+4 Stlth+}
   (You acquired it on level 5 of the Dungeon)

   [ring of protection]

   AC+4:      It affects your AC (+4).
   rC++:      It greatly protects you from cold.
   rCorr:     It protects you from acid and corrosion.
   Drain:     It drains your maximum health when unequipped.
   Stlth+:    It makes you more stealthy.
 n - a ring of resist corrosion (right hand)
Scrolls
 j - a scroll of poison
Potions
 d - a potion of might
 e - 2 potions of heal wounds
 g - 3 potions of curing
 h - a potion of ambrosia
 i - a potion of cancellation
 k - a potion of brilliance {unknown}
 q - a potion of magic
 r - a potion of lignification {unknown}
 s - a potion of invisibility
 t - a potion of enlightenment {unknown}


   Skills:
 + Level 14.5 Fighting
 + Level 4.6 Maces & Flails
 + Level 5.8 Armour
 + Level 5.8 Shields


You had 8 spell levels left.
You didn't know any spells.
Your spell library contained the following spells:

 Spells                   Type           Power      Damage    Failure   Level
 Apportation              Tloc           0%         N/A       100%        1
 Magic Dart               Conj           0%         1d3       100%        1
 Sandblast                Erth           0%         2d4       100%        1
 Summon Small Mammal      Summ           0%         N/A       100%        1
 Call Imp                 Summ           0%         N/A       100%        2
 Jinxbite                 Hex            0%         N/A       100%        2
 Passwall                 Tmut/Erth      0%         N/A       100%        2
 Call Canine Familiar     Summ           0%         N/A       100%        3
 Mephitic Cloud           Conj/Pois/Air  0%         N/A       100%        3
 Stone Arrow              Conj/Erth      0%         3d7       100%        3
 Summon Guardian Golem    Hex/Summ       0%         N/A       100%        3
 Alistair's Intoxication  Tmut/Pois      0%         N/A       100%        5


Dungeon Overview and Level Annotations

Branches:
Dungeon (6/15)
 Temple: D:4-7

Altars:

Shops:
D:3 ?   D:4 [

Annotations:
D:4 2 transporters, Loveship's ghost, amateur FeSu


Innate Abilities, Weirdness & Mutations

You are immune to sickness and miasma.
Your stone body is resilient. (AC +6)
You are immune to poison.
You resist negative energy. (rN+)
You are resistant to electric shocks. (rElec)
You are resistant to unholy torment.
You are immune to petrification.


Message History

* * * LOW HITPOINT WARNING * * *
The wight freezes you.
* * * LOW HITPOINT WARNING * * *
The phantom hits you but does no damage.
You are too injured to fight recklessly!
You are too injured to fight recklessly!
You are too injured to fight recklessly!
You are too injured to fight recklessly!
You are too injured to fight recklessly!
You are too injured to fight recklessly!
You are too injured to fight recklessly!
You are too injured to fight recklessly!
You are too injured to fight recklessly!
You are too injured to fight recklessly!
You are too injured to fight recklessly!
You are too injured to fight recklessly!
You are too injured to fight recklessly!
You are too injured to fight recklessly!
You are too injured to fight recklessly!
You are too injured to fight recklessly!
You miss the phantom.
The phantom is heavily damaged.
The wight hits you from afar with a +5 trident of freezing!
* * * LOW HITPOINT WARNING * * *
The wight freezes you.
* * * LOW HITPOINT WARNING * * *
The wight hits you but does no damage.
The phantom hits you but does no damage.
The phantom barely misses you. The phantom attacks as it pursues you!
The phantom hits you but does no damage.
You hit the phantom.
The phantom is heavily damaged.
The phantom hits you but does no damage.
The wight hits you but does no damage. The phantom attacks as it pursues you!
The phantom hits you but does no damage.
The wight attacks as it pursues you!
The wight hits you from afar with a +5 trident of freezing!
You die...

..##########...............
..##.......'...............
..##.#######...............
..##.# #†..............
..##'#######...............
##.........................
#.........................
#.........................
##..............@Wzz.......
#....#####....#####........
#....# #....# #........
#....#####....#####........
#........+....+.z..z.......
#.....####..))#............
.......###......###########
.......+....†)#.#
.......######.#.#


You could see a phantom and 2 wights.

Vanquished Creatures
  An ice beast (D:6)
  A black bear (D:6)
  A sky beast (D:5)
  3 ogres (D:5)
  A centaur (D:6)
  A phantom (D:6)
  A bullfrog (D:6)
  A gnoll sergeant (D:5)
  2 wights
  A crimson imp (D:5)
  2 hounds
  2 jellies
  Crazy Yiuf (D:2)
  4 orc priests
  Jessica (D:3)
  2 sleepcaps
  6 iguanas
  11 gnolls
  5 adders
  A white imp (D:5)
  An ufetubus (D:4)
  2 dart slugs
  13 orcs
  2 ball pythons
  7 bats
  6 endoplasms
  2 giant cockroaches
  3 goblins
  8 hobgoblins
  2 jackals (D:1)
  6 quokkas (D:3)
  A frilled lizard (D:1)
  9 kobolds
  4 rats
114 creatures vanquished.

Notes
Turn   | Place    | Note
-------+----------+-------------------------------------------
     0 | D:1      | Dittersdorf the Gargoyle Fighter began the quest for the
                  | Orb.
     0 | D:1      | Reached XP level 1. HP: 14/14 MP: 1/1
   118 | D:1      | Reached XP level 2. HP: 19/19 MP: 2/2
  1090 | D:2      | Reached XP level 3. HP: 21/23 MP: 3/3
  1437 | D:2      | Found a runed translucent door.
  1438 | D:2      | Noticed Crazy Yiuf
  1560 | D:2      | Noticed a golden eye
  1573 | D:2      | Found a faded altar of an unknown god.
  1575 | D:2      | Noticed a golden eye
  1575 | D:2      | Noticed a golden eye
  1575 | D:2      | Noticed a shining eye
  2162 | D:3      | Reached XP level 4. HP: 27/29 MP: 4/4
  2198 | D:3      | Reached skill level 4 in Fighting
  2279 | D:3      | Identified the +0 leather armour "Soadghoda" {rElec rPois
                  | rF- Dex+3}
  2620 | D:3      | Noticed Jessica
  2634 | D:3      | Killed Jessica
  2718 | D:3      | Found Wug Hurch's Magic Scroll Boutique.
  2775 | D:3      | Reached XP level 5. HP: 33/33 MP: 5/5
  3115 | D:4      | Noticed Loveship's ghost (amateur FeSu)
  3119 | D:4      | Found a transporter.
  3123 | D:4      | Found a transporter.
  3316 | D:4      | Reached XP level 6. HP: 31/39 MP: 6/6
  3660 | D:4      | Found Nuisch's Armour Shoppe.
  4020 | D:5      | Entered Level 5 of the Dungeon
  4045 | D:5      | Identified a scroll of acquirement
  4045 | D:5      | Acquired the ring "Cough" {Drain rC++ rCorr AC+4 Stlth+}
  4278 | D:5      | Reached skill level 14 in Fighting
  4278 | D:5      | Reached XP level 7. HP: 59/59 MP: 7/7
  4403 | D:5      | Reached skill level 5 in Shields
  4411 | D:5      | Reached skill level 5 in Armour
  4446 | D:5      | Reached XP level 8. HP: 64/64 MP: 8/8
  5542 | D:2      | Killed Crazy Yiuf
  5878 | D:5      | Reached XP level 9. HP: 70/70 MP: 9/9
  6160 | D:6      | HP: 2/70 [wight/+5 trident of freezing (2)]
  6168 | D:6      | Mangled by a wight

Illustrated notes

Levels and vault maps discovered:
D:1:      psy_arrival_fountain, layout_basic
D:2:      layout_loops_corners, hellmonk_ecumenical_altar_watching_god,
          uniq_crazy_yiuf_cottage
D:3:      layout_rooms, serial_shops, nicolae_shop_real_fake_doors,
          grunt_decor_cap, columned_hall_lemuel, uniq_jessica
D:4:      layout_loops_corners, serial_shops, shop, gammafunk_ghost_arena
D:5:      layout_loops_ring, minmay_fire_ice_demons
D:6:      corexii_shack_village, layout_basic, lemuel_crystal_altar,
          minmay_temple_entry_tees, uniq_eustachio

Skill      XL: |  1  2  3  4  5  6  7  8 |
---------------+-------------------------+-----
Fighting       | 4 14 | 14.5
Shields        | 4 5 |  5.8
Maces & Flails | 3 4 |  4.6
Armour         | 4 5 |  5.8

Action                     |  1- 3 |  4- 6 |  7- 9 || total
---------------------------+-------+-------+-------++-------
  Melee: Flail             |   115 |   151 |    34 ||   300
         Morningstar       |       |       |   161 ||   161
    Use: Scroll            |       |     3 |    13 ||    16
         Potion            |       |     1 |       ||     1
 Armour: Scale mail        |    88 |    79 |       ||   167
         Chain mail        |       |    59 |   118 ||   177
         Plate armour      |       |       |   115 ||   115
  Dodge: Dodged            |    60 |    83 |    60 ||   203
  Block: Buckler           |    13 |    40 |    49 ||   102

Table legend: (Time is in decaauts)
 A = Elapsed time spent in this place.
 B = Non-inter-level travel time spent in this place.
 C = Inter-level travel time spent in this place.
 D = Time resting spent in this place.
 E = Time spent auto-exploring this place.
 F = Levels seen in this place.
 G = Mean time per level.
                   A        B        C        D        E       F      G
               +--------+--------+--------+--------+--------+-----+--------+
         Total |   6309 |   5800 |    509 |    500 |   4075 |   6 | 1051.5 |
       Dungeon |   6309 |   5800 |    509 |    500 |   4075 |   6 | 1051.5 |
               +--------+--------+--------+--------+--------+-----+--------+

Top non-repeatable levels by time:
     D:2: 1393 daAuts
     D:5: 1383 daAuts
     D:4: 1202 daAuts
     D:3: 950 daAuts
     D:1: 936 daAuts
     D:6: 443 daAuts
